AoeStats
← MrFUNAN

Black Forest

509874503Analyzed
4v4 RM · 4d ago on Sep 28, 2026· 69m 37s· 8 players
Game mode
Random Map
Map size
Large (8 player)
Population
200
Speed
Normal
Resources
Standard
Victory
Conquest
Starting age
Dark Age
Ending age
Imperial Age
RankedLock teamsTeams togetherTeam positionsShared explorationLock speedFull tech treeHidden civsTurbo modeCheats
Victory
Defeat
🇺🇸 Britons · United States
1432
+16
🇨🇦 Khmer · Canada
1430
+16
🇦🇺 Danes · Australia
1416
+16
🇪🇸 Jurchens · Spain
1392
+17
🇨🇳 Bengalis · China
1478
-18
🇨🇳 Saxons · China
1443
-17
🇨🇳 Slavs · China
1443
-17
🇨🇳 Khmer · China
1340
-13
ZombieRabbit
2:46 Loom
11:57 Feudal Age
12:50 Man-at-Arms
17:46 Castle Age
15:47 Double-Bit Axe
15:56 Horse Collar
17:00 Scale Mail Armor
17:12 Forging
17:17 Arson
18:18 Long Swordsman
20:29 Fervor
24:35 Wheelbarrow
25:33 Bow Saw
26:24 Heavy Plow
27:36 Hand Cart
27:42 Stone Mining
27:47 Gold Mining
29:40 Devotion
30:42 Squires
33:23 Imperial Age
31:23 Chain Mail Armor
31:44 Iron Casting
31:56 Gambesons
31:38 Hamask
31:49 Pikeman
34:00 Caravan
33:29 Halberdier
34:35 Conscription
36:03 Blast Furnace
35:33 Plate Mail Armor
35:24 Town Watch
35:23 Elite Jomsviking
36:35 Siege Engineers
38:25 Chemistry
37:33 Elite Varangian Guard
39:46 Two-Handed Swordsman
40:48 Fletching
43:29 Champion
45:05 Coinage
46:26 Town Patrol
47:01 Onager
47:11 Northmen's Fury
48:17 Ballistics
50:30 Siege Onager
65:03 Masonry
67:17 Banking
68:22 Hoardings
mikeymazko
0:51 Loom
12:30 Feudal Age
19:14 Castle Age
19:16 Horse Collar
20:34 Double-Bit Axe
21:40 Bow Saw
28:02 Wheelbarrow
30:18 Gold Mining
32:36 Town Watch
36:00 Imperial Age
33:46 Hand Cart
33:51 Fletching
34:14 Fortified Wall
34:07 Stone Mining
35:10 Gold Shaft Mining
35:19 Bodkin Arrow
35:24 Padded Archer Armor
35:46 Ballistics
35:08 Treadmill Crane
37:08 Conscription
38:13 Two-Man Saw
38:04 Warwolf
38:27 Yeomen
38:12 Bracer
38:27 Leather Archer Armor
39:14 Chemistry
38:34 Elite Longbowman
42:37 Ring Archer Armor
43:30 Coinage
43:46 Siege Engineers
43:47 Siphons
43:54 Warwolf
44:29 Hoardings
44:59 Banking
45:42 Onager
46:55 Caravan
47:29 Masonry
53:03 Capped Ram
63:14 Forging
63:04 Scale Mail Armor
63:06 Elite Skirmisher
63:26 Pikeman
64:10 Squires
63:55 Gambesons
63:56 Arson
63:32 Man-at-Arms
Mr.Brrum
1:14 Loom
10:54 Feudal Age
15:03 Castle Age
13:35 Double-Bit Axe
14:53 Scale Mail Armor
15:58 Bow Saw
17:50 Squires
18:46 Town Watch
19:19 Chain Mail Armor
26:39 Wheelbarrow
26:36 Forging
33:39 Imperial Age
34:03 Heavy Scorpion
36:53 Siege Engineers
37:23 Fletching
38:19 Heavy Scorpion
39:23 Ballistics
39:39 Gold Mining
40:52 Scale Barding Armor
41:28 Bloodlines
43:28 Husbandry
45:39 Hand Cart
47:19 Caravan
49:58 Chain Barding Armor
49:58 Elite Steppe Lancer
51:26 Plate Barding Armor
52:22 Iron Casting
51:56 Horse Collar
53:17 Two-Man Saw
52:54 Gold Shaft Mining
52:10 Stone Mining
55:35 Blast Furnace
61:49 Heavy Plow
61:10 Light Cavalry
66:09 Hussar
Mr.stealyoBoar
12:25 Feudal Age
12:34 Feudal Age
15:36 Castle Age
13:31 Double-Bit Axe
13:30 Horse Collar
17:01 Bow Saw
16:53 Heavy Plow
19:36 Loom
20:28 Wheelbarrow
25:33 Ballistics
30:56 Imperial Age
28:41 Bloodlines
28:31 Husbandry
28:55 Hand Cart
31:41 Scale Barding Armor
31:37 Padded Archer Armor
33:19 Chemistry
33:00 Chain Barding Armor
34:21 Plate Barding Armor
33:36 Fletching
34:07 Siege Engineers
34:13 Elite Ballista Elephant
35:37 Fortified Wall
36:12 Bodkin Arrow
40:14 Light Cavalry
41:11 Forging
41:02 Bracer
42:38 Iron Casting
41:53 Hussar
42:24 Elite Battle Elephant
43:15 Tusk Swords
45:00 Blast Furnace
44:09 Double Crossbow
李雾月
0:29 Loom
14:01 Feudal Age
19:15 Castle Age
17:12 Man-at-Arms
17:45 Double-Bit Axe
18:38 Horse Collar
19:11 Stone Mining
29:03 Bow Saw
31:02 Wheelbarrow
31:18 Heavy Plow
32:35 Gold Mining
38:06 Imperial Age
35:53 Hand Cart
37:28 Town Watch
38:11 Capped Ram
38:13 Onager
40:05 Two-Man Saw
39:28 Onager
39:34 Onager
43:31 Capped Ram
46:56 Caravan
46:32 Siege Onager
47:28 Siege Onager
49:26 Conscription
52:18 Siege Engineers
53:16 Chemistry
53:50 Capped Ram
54:43 Siege Ram
59:46 Elite Boyar
61:11 Scale Barding Armor
61:16 Forging
60:57 Fletching
62:35 Bodkin Arrow
62:41 Scale Mail Armor
63:26 Coinage
64:55 Banking
67:03 Ballistics
66:53 Masonry
66:54 Fortified Wall
Not noob.Just tired.
1:48 Loom
11:27 Feudal Age
15:43 Castle Age
13:52 Double-Bit Axe
14:24 Horse Collar
17:48 Bow Saw
21:18 Wheelbarrow
21:25 Heavy Plow
25:31 Gold Mining
26:42 Stone Mining
27:41 Scale Mail Armor
28:51 Chain Mail Armor
32:19 Imperial Age
30:36 Gold Shaft Mining
30:21 Forging
30:33 Town Watch
31:03 Hand Cart
31:29 Hand Cart
31:30 Squires
32:35 Treadmill Crane
33:36 Conscription
33:24 Siege Engineers
33:56 Iron Casting
34:12 Plate Mail Armor
34:07 Arson
34:16 Onager
34:45 Shield Wall
35:47 Elite Hearth Troop
38:08 Chemistry
40:02 Elite Varangian Guard
42:16 Scale Barding Armor
45:58 Pikeman
49:04 Halberdier
50:05 Fletching
53:18 Caravan
57:12 Two-Man Saw
63:41 Ballistics
63:18 Bodkin Arrow
MrFUNAN
12:21 Feudal Age
13:18 Double-Bit Axe
16:08 Castle Age
17:30 Wheelbarrow
17:06 Bow Saw
16:38 Horse Collar
22:05 Heavy Plow
25:22 Gold Mining
25:22 Stone Mining
30:15 Imperial Age
27:55 Fletching
29:20 Bodkin Arrow
30:30 Gold Shaft Mining
29:57 Padded Archer Armor
30:18 Paiks
30:46 Ballistics
31:00 Hand Cart
30:34 Town Watch
31:00 Husbandry
31:11 Bloodlines
32:34 Chemistry
32:01 Bracer
31:52 Elite Elephant Archer
33:21 Leather Archer Armor
33:18 Light Cavalry
34:11 Onager
36:47 Siege Engineers
37:53 Scale Barding Armor
37:59 Forging
38:23 Coinage
41:50 Mahayana
45:42 Ring Archer Armor
45:50 Banking
50:29 Elite Skirmisher
53:39 Iron Casting
53:25 Chain Barding Armor
54:37 Town Patrol
55:52 Caravan
62:22 Pikeman
63:16 Scale Mail Armor
63:55 Plate Barding Armor
70:30 Blast Furnace
我不是ikun
10:21 Feudal Age
14:51 Castle Age
13:16 Double-Bit Axe
16:04 Bow Saw
15:55 Horse Collar
20:24 Wheelbarrow
22:13 Gold Mining
27:34 Imperial Age
25:09 Heavy Plow
26:38 Gold Shaft Mining
26:28 Hand Cart
28:35 Stone Mining
31:34 Town Watch
31:53 Husbandry
32:03 Bloodlines
31:15 Elite Battle Elephant
33:11 Loom
33:36 Scale Barding Armor
34:58 Chain Barding Armor
34:49 Forging
35:09 Conscription
34:50 Double Crossbow
34:52 Tusk Swords
36:46 Stone Shaft Mining
37:03 Crop Rotation
38:40 Plate Barding Armor
38:43 Iron Casting
38:35 Ballistics
39:16 Chemistry
43:02 Blast Furnace
42:19 Light Cavalry
44:12 Heavy Scorpion
45:00 Hussar
60:16 Padded Archer Armor
60:07 Fletching
62:27 Bodkin Arrow
62:47 Leather Archer Armor
62:27 Bodkin Arrow
62:47 Leather Archer Armor
62:27 Bodkin Arrow
62:47 Leather Archer Armor
62:28 Bodkin Arrow
62:48 Leather Archer Armor
62:28 Bodkin Arrow
62:48 Leather Archer Armor
62:16 Elite Skirmisher
Connection lost

Rejoining the realm…

Still unreachable

The connection could not be restored.

Session expired

The server has moved on; the page needs a fresh start.